 Dungeon Crawl Stone Soup version 0.31-a0-142-g31f6795574 (webtiles) character file.

Game seed: 2831824989295517807

118296 Gargoyl the Peltast (level 16, -4/150 HPs)
             Began as a Gargoyle Berserker on June 3, 2023.
             Was an Elder of Trog.
             Slain by an ice dragon (9 damage)
             ... on level 1 of the Spider Nest.
             The game lasted 00:41:36 (23067 turns).

Gargoyl the Peltast (Gargoyle Berserker)           Turns: 23067, Time: 00:41:36

Health: -4/150     AC: 28    Str: 37    XL:     16   Next: 76%
Magic:  10/16      EV:  2    Int:  8    God:    Trog [****..]
Gold:   2459       SH: 23    Dex: 20    Spells: 15/15 levels left

rFire   + + .        a - +4 hand axe (elec)
rCold   + + .        g - +2 shield of Resistance {rF++ rC++ Will++}
rNeg    + . .        C - melded +5 ring mail "Eridog" {Int+3}
rPois   ∞            b - melded +2 helmet
rElec   .            U - melded scarf {repulsion}
rCorr   .            y - melded +5 pair of gloves "Wyoss" {Str+3}
SInv    .            (boots currently unavailable)
Will    +++++        G - amulet of Sisa {Reflect +Inv Str+5 SH+5}
Stlth   ++           d - +6 ring of strength
HPRegen 1.45/turn    e - +6 ring of dexterity
MPRegen 0.15/turn

%: reflection
@: tree-form, strong-willed, regenerating
A: stationary, stasis, torment immunity, boosted hp, sickness immunity, AC +12,
(big wings), negative energy resistance 1, (electricity resistance), torment
resistance 1, petrification resistance, (iridescent scales 1), (fire resistance
2), strong 1, MP-powered wands
a: Renounce Religion, Evoke Invisibility, Berserk, Trog's Hand, Brothers in Arms


You were on level 1 of the Spider Nest.
You worshipped Trog.
Trog was greatly pleased with you.
You were a tree.
You visited 3 branches of the dungeon, and saw 22 of its levels.
You also visited: Volcano.

You collected 2459 gold pieces.

Inventory:

Hand Weapons
 a - a +4 hand axe of electrocution (weapon)
 B - a +1 broad axe of flaming
 L - the +10 broad axe of Valuable Assets {heavy, Dex+2}
   (Trog gifted it to you on level 12 of the Dungeon)

   Dex:       It affects your dexterity (+2).
 M - the +9 sword of Zonguldrok {reap}
   (You found it on level 12 of the Dungeon)
Missiles
 r - 25 poisoned darts (quivered)
 A - 2 throwing nets
Armour
 b - a +2 helmet (melded)
 g - the +2 shield of Resistance (worn) {rF++ rC++ Will++}
   (You acquired it on level 7 of the Dungeon)

   rF:        It greatly protects you from fire.
   rC:        It greatly protects you from cold.
   Will:      It greatly increases your willpower.
 y - the +5 pair of gloves "Wyoss" (melded) {Str+3}
   (You found it on level 9 of the Dungeon)

   Str:       It affects your strength (+3).
 C - the +5 ring mail "Eridog" (melded) {Int+3}
   (You found it on level 1 of the Lair of Beasts)

   Int:       It affects your intelligence (+3).
 U - a scarf of repulsion (melded)
Jewellery
 d - a +6 ring of strength (left branch)
 e - a +6 ring of dexterity (right branch)
 i - a ring of resist corrosion
 k - a ring of see invisible
 x - a +5 ring of evasion
 G - the amulet of Sisa (around neck) {Reflect +Inv Str+5 SH+5}
   (You found it in a volcano)

   [amulet of reflection]

   It reflects blocked missile attacks.
   Str:       It affects your strength (+5).
   +Inv:      It lets you turn invisible.
   SH:        It affects your SH (+5).
 I - a ring of fire
 Q - an amulet of magic regeneration
 S - an amulet of reflection
 T - a ring of fire
Wands
 f - a wand of iceblast (40)
 h - a wand of light (4)
 l - a wand of paralysis (32)
 p - a wand of flame (21)
 t - a wand of mindburst (29)
 w - a wand of polymorph (3)
 F - a wand of digging (4)
Scrolls
 o - 11 scrolls of identify
 D - 6 scrolls of teleportation
 H - 4 scrolls of enchant armour
 J - a scroll of silence
 K - a scroll of brand weapon
 O - a scroll of acquirement
 P - a scroll of poison
 R - 2 scrolls of fog {unknown}
Potions
 c - 5 potions of enlightenment
 m - 3 potions of mutation
 n - 2 potions of brilliance
 q - 2 potions of berserk rage
 u - 3 potions of magic
 v - 5 potions of might
 z - a potion of cancellation
 E - 2 potions of haste
 V - a potion of resistance


   Skills:
 + Level 11.5 Fighting
 + Level 0.1(4.0) Short Blades
 + Level 6.5 Long Blades
 + Level 13.7(13.8) Axes
 + Level 1.4(9.0) Polearms
 + Level 0.6 Throwing
 + Level 7.6 Armour
 * Level 12.3 Dodging
 - Level 0.7 Stealth
 * Level 18.1 Shields


You had 15 spell levels left.
You didn't know any spells.
Your spell library was empty.

Dungeon Overview and Level Annotations

Branches:
Dungeon (15/15)            Temple (0/1) D:7            Lair (5/5) D:11
 Shoals (0/4) Lair:2       Spider (2/4) Lair:2        Slime (0/5) Lair:5
    Orc (0/2) D:12         Vaults (0/5) D:13         Depths (0/4) D:15
Volcano (visited)

Altars:
Cheibriados
Dithmenos
Elyvilon
Fedhas
Hepliaklqana
Kikubaaqudgha
Nemelex Xobeh
Trog
Vehumet
Xom
Yredelemnul
Zin

Shops:
D:1 :   D:6 ?   D:13 *


Innate Abilities, Weirdness & Mutations

You are a tree.
Your roots penetrate the ground, keeping you stationary.
You cannot be teleported.
You are immune to unholy pain and torment.
Your maximum health is greatly increased.
Your equipment is partially melded.
You are immune to sickness and miasma.
((Your stone body is resilient. (AC +12)))
You are immune to poison.
((Your large and strong wings let you fly.))
You resist negative energy. (rN+)
((You are resistant to electric shocks. (rElec)))
You are resistant to unholy torment.
You are immune to petrification.
((You are partially covered in iridescent scales. (AC +2)))
((Your flesh is very heat resistant. (rF++)))
Your muscles are strong. (Str +4, Int/Dex -1)
You expend magic power (3 MP) to strengthen your wands.


Message History

The tarantella touches you.
* * * LOW HITPOINT WARNING * * *
The tarantella closely misses you. The ice dragon closely misses you.
You block the ice dragon's attack. The ice dragon closely misses you.
Okay, then.
You feel better. You block the wolf spider's attack. x2
The tarantella touches you!
* * * LOW HITPOINT WARNING * * *
You are confused.
The tarantella touches you but does no damage.
The wolf spider hits you.
* * * LOW HITPOINT WARNING * * *
The wolf spider bites you but does no damage.
The ice dragon bites you but does no damage.
The ice dragon claws you.
* * * LOW HITPOINT WARNING * * *
The ice dragon misses you. The tarantella closely misses you.
You are too confused!
You feel better. You block the tarantella's attack.
You block the wolf spider's attack. The wolf spider bites you.
* * * LOW HITPOINT WARNING * * *
The tarantella closely misses you. The tarantella completely misses you.
The ice dragon breathes frost at you. The blast of cold hits you! You resist.
* * * LOW HITPOINT WARNING * * *
It was a potion of lignification.
You turn into a tree.
Your scarf of repulsion melds into your body.
Your +2 helmet melds into your body.
The +5 pair of gloves "Wyoss" {Str+3} melds into your body.
The +5 ring mail "Eridog" {Int+3} melds into your body.
The haze of the repulsion field disappears.
Your roots penetrate the ground.
The wolf spider hits you but does no damage.
You block the wolf spider's attack.
The tarantella touches you but does no damage.
You block the tarantella's attack. You block the wolf spider's attack.
The wolf spider bites you!
* * * LOW HITPOINT WARNING * * *
The ice dragon bites you!
You die...

........#.......###^...##...#...#
........##......#.....##....#..##
..#......###....#.....#....##..#.
###........###..##.......###...#.
.#####.......##..###...........#.
.#...###......#..#..........>....
.#.....##........#...............
.####..........ssD.....(....#####
...............#♣†^#.............
...^..##......##†s.#^..##........
......#....^###....#...^#..<...##
.....####...#.....^#....#........
.#####......#...#..#....#........
##........###...#..#....#..#.....
..........#.....####...##.^#.....
........###...#..#.....#...#.....
.......##.....#..#.....#...#...#.


You could see an ice dragon (catching breath), a wolf spider and 2 tarantellas.

Vanquished Creatures
  Jorgrun (D:12)
  Rupert (D:14)
  Kirke (D:12)
  A stone giant (Volcano)
  The ghost of Kehih the Brawler, a journeyman DrMo of Yredelemnul (D:15)
  A dire elephant (D:15)
  Josephine (D:9)
  A blizzard demon (D:15)
  An entropy weaver (Spider:1)
  The ghost of Hofaash the Summoner, a journeyman OpSu of Gozag (D:12)
  An ogre mage (D:14)
  7 hydras
  A radroach (Spider:1)
  A catoblepas (Lair:4)
  3 centaur warriors
  8 two-headed ogres
  2 boulder beetles
  A tengu warrior (D:14)
  A dancing weapon (D:12)
  A death yak (Lair:4)
  7 demonic crawlers (Spider:1)
  3 pharaoh ants (Spider:1)
  3 skysharks
  A goliath frog (Lair:5)
  5 skeletal warriors (D:12)
  3 steelbarb worms (Spider:1)
  2 deep elf pyromancers (D:15)
  5 oklob plants
  5 ugly things
  4 wolf spiders (Spider:1)
  17 elephants
  A moth of wrath (Spider:1)
  3 cyclopes
  3 manticores
  3 black mambas
  18 cane toads
  The ghost of voshxx the Ogre Mage, a novice OgAE of Vehumet (D:6)
  The ghost of MacCMillion the Skirmisher, a novice SpHu of Dithmenos (D:4)
  2 unseen horrors (D:12)
  2 torpor snails
  A kobold demonologist (D:9)
  An efreet (Volcano)
  6 komodo dragons
  2 tengu conjurers (D:13)
  4 unseen horror zombies (D:9)
  4 rime drakes
  2 ice devils (D:15)
  4 unseen horror skeletons (D:9)
  7 polar bears
  7 tarantellas (Spider:1)
  2 tyrant leeches (Lair:5)
  25 blink frogs
  8 slime creatures
  2 centaur simulacra (D:15)
  11 jumping spiders (Spider:1)
  6 culicivoras (Spider:1)
  4 flying skulls (D:9)
  2 vampires
  5 shadows
  4 wraiths
  7 basilisks
  6 wyverns
  56 yaks
  2 fire elementals (Volcano)
  6 hogs (D:12)
  3 steam dragons
  29 redbacks
  A basilisk (shapeshifter) (D:15)
  13 vampire mosquitoes
  A redback simulacrum (D:15)
  3 acid dragons
  14 water moccasins
  A meliai simulacrum (D:15)
  2 hell hounds (Lair:2)
  3 ice beasts (D:6)
  6 black bears
  13 orc warriors
  A sky beast (D:8)
  An ogre (D:11)
  4 centaurs
  21 wolves
  4 phantoms
  4 kobold brigands
  20 bullfrogs
  6 gnoll sergeants
  An earth elemental (Volcano)
  4 scorpions
  5 wights (D:9)
  2 hornet simulacra (D:15)
  14 killer bees
  2 electric eels (Lair:5)
  5 howler monkeys
  3 centaur zombies (D:9)
  2 jellies (D:6)
  8 orc priests
  A gnoll bouda (D:6)
  4 hounds
  A centaur skeleton (D:9)
  4 iguanas
  11 orc wizards
  4 hell rats (Lair:2)
  A howler monkey zombie (D:9)
  17 gnolls
  A howler monkey skeleton (D:9)
  11 adders
  2 white imps
  A worm (D:3)
  4 dart slugs
  64 orcs
  8 ball pythons
  11 bats
  7 endoplasms
  2 giant cockroaches
  6 goblins
  7 hobgoblins
  3 jackals (D:4)
  9 quokkas
  2 frilled lizards (D:1)
  20 kobolds
  5 rats
  A butterfly (Lair:5)
712 creatures vanquished.

Vanquished Creatures (collateral kills)
  Louise (D:14)
  An entropy weaver (Spider:1)
  2 two-headed ogres (D:11)
  3 boulder beetles
  A necromancer (D:13)
  A deep elf pyromancer (D:14)
  An ugly thing (D:15)
  A salamander (D:15)
  3 wolf spiders
  An elephant (Lair:4)
  A manticore (D:11)
  An unseen horror zombie (D:9)
  2 trolls
  A tarantella (Spider:1)
  A jumping spider (Spider:1)
  4 slime creatures
  A culicivora (Spider:1)
  3 yaks (D:12)
  5 redbacks (Spider:1)
  2 vampire mosquitoes (D:14)
  A wight (D:9)
  A centaur skeleton (D:9)
  A boggart simulacrum (D:14)
  A kobold (D:11)
40 creatures vanquished.

Vanquished Creatures (others)
  A demonic crawler (Spider:1)
  2 ugly thing zombies (D:15)
  2 centaur zombies
  A dire elephant zombie (D:15)
  3 redback zombies (Spider:1)
  A culicivora zombie (Spider:1)
  2 culicivoras (Spider:1)
  A boulder beetle zombie (D:14)
  3 slime creature zombies (D:15)
  2 redbacks (Spider:1)
  A human zombie (D:13)
  3 two-headed ogre zombies (D:14)
  A manticore zombie (D:14)
  2 elf zombies (D:15)
  A cyclops zombie (D:14)
  2 tengu zombies
  A basilisk zombie (D:15)
29 creatures vanquished.

Grand Total: 781 creatures vanquished

Notes
Turn   | Place    | Note
-------+----------+-------------------------------------------
     0 | D:1      | Gargoyl the Gargoyle Berserker began the quest for the Orb.
     0 | D:1      | Reached XP level 1. HP: 14/14 MP: 1/1
    94 | D:1      | Reached XP level 2. HP: 14/19 MP: 2/2
   346 | D:1      | Reached XP level 3. HP: 23/23 MP: 3/3
   556 | D:1      | Found Quamajiv's Book Shoppe.
   556 | D:1      | Noticed a walking earthen tome
   599 | D:1      | Noticed a walking frostbound tome
   752 | D:1      | Found a faded altar of an unknown god.
  1099 | D:2      | Reached ** piety under Trog
  1712 | D:3      | Reached XP level 4. HP: 25/29 MP: 4/4
  2006 | D:3      | Found a snail-covered altar of Cheibriados.
  2024 | D:3      | Reached XP level 5. HP: 33/33 MP: 5/5
  2087 | D:3      | Identified the +4 long sword of Qywkiuph {heavy, Drain Fly
                  | rElec Will+++}
  2302 | D:3      | Noticed a phantom
  2311 | D:3      | Killed a phantom
  2585 | D:4      | Found a runed translucent door.
  2586 | D:4      | Noticed MacCMillion's ghost (novice SpHu)
  2613 | D:4      | Reached XP level 6. HP: 38/38 MP: 6/6
  2625 | D:4      | Reached skill level 1 in Long Blades
  2694 | D:4      | Found an ancient bone altar of Kikubaaqudgha.
  2801 | D:4      | Found a bloodstained altar of Trog.
  2803 | D:4      | Noticed a steam dragon
  2809 | D:4      | Killed a steam dragon
  2981 | D:4      | Reached XP level 7. HP: 36/44 MP: 7/7
  2993 | D:4      | Killed MacCMillion's ghost
  2994 | D:4      | Reached skill level 5 in Axes
  3152 | D:5      | Entered Level 5 of the Dungeon
  3164 | D:5      | Found a glowing silver altar of Zin.
  3192 | D:5      | Reached XP level 8. HP: 38/48 MP: 8/8
  3444 | D:5      | Reached skill level 5 in Fighting
  3512 | D:5      | Found a sparkling altar of Nemelex Xobeh.
  3699 | D:5      | Found a hazy altar of Hepliaklqana.
  3706 | D:5      | Found a white marble altar of Elyvilon.
  3707 | D:5      | Found a basalt altar of Yredelemnul.
  3709 | D:5      | Found a radiant altar of Vehumet.
  3992 | D:6      | Found a shimmering altar of Xom.
  4019 | D:6      | Reached skill level 5 in Armour
  4030 | D:6      | Reached XP level 9. HP: 39/55 MP: 9/9
  4135 | D:6      | Identified the +1 spear "Sarcophage" {pain, Str+3}
  4261 | D:6      | Found Jionihis's Magic Scroll Boutique.
  4503 | D:6      | Found a transporter.
  4503 | D:6      | Found a transporter.
  4513 | D:6      | Identified the ring of Sunlight {Fly Stlth+}
  4518 | D:6      | Noticed voshxx's ghost (novice OgAE)
  4529 | D:6      | Reached skill level 5 in Dodging
  4532 | D:6      | Killed voshxx's ghost
  4575 | D:6      | Reached *** piety under Trog
  4962 | D:6      | Found a blossoming altar of Fedhas.
  4976 | D:6      | Noticed an oklob plant
  5005 | D:6      | Killed an oklob plant
  5315 | D:7      | Identified a scroll of acquirement
  5315 | D:7      | Acquired the +2 shield of Resistance {rF++ rC++ Will++}
  5315 | D:7      | Found the +2 shield of Resistance {rF++ rC++ Will++}
  5538 | D:7      | Identified the scarf of Autumn {rC+ rF+, Harm Int+2 Slay+3}
  5543 | D:7      | Found a staircase to the Ecumenical Temple.
  5641 | D:7      | Reached skill level 1 in Shields
  5641 | D:7      | Reached XP level 10. HP: 61/61 MP: 10/10
  5643 | D:7      | Gained mutation: You are dopey. (Int -2) [potion of
                  | mutation]
  5643 | D:7      | Gained mutation: You have a beak for a mouth. [potion of
                  | mutation]
  5643 | D:7      | Gained mutation: You have large cloven feet. [potion of
                  | mutation]
  5643 | D:7      | Gained mutation: Your spells are a little harder to cast,
                  | but a little more powerful. [potion of mutation]
  5644 | D:7      | Lost mutation: You have large cloven feet. [potion of
                  | mutation]
  5644 | D:7      | Lost mutation: You are dopey. (Int -2) [potion of mutation]
  5644 | D:7      | Gained mutation: Your flesh is heat resistant. (rF+)
                  | [potion of mutation]
  5644 | D:7      | Gained mutation: You are strong-willed. (Will+) [potion of
                  | mutation]
  5933 | D:7      | Reached skill level 2 in Shields
  6025 | D:8      | Found a shadowy altar of Dithmenos.
  6460 | D:8      | Reached skill level 3 in Shields
  6936 | D:8      | Reached skill level 4 in Shields
  7279 | D:9      | Noticed a kobold demonologist
  7297 | D:9      | Killed a kobold demonologist
  7384 | D:9      | Reached skill level 5 in Shields
  7390 | D:9      | Lost mutation: Your spells are a little harder to cast, but
                  | a little more powerful. [potion of mutation]
  7390 | D:9      | Lost mutation: You have a beak for a mouth. [potion of
                  | mutation]
  7390 | D:9      | Lost mutation: You are strong-willed. (Will+) [potion of
                  | mutation]
  7390 | D:9      | Gained mutation: You expend magic power (3 MP) to
                  | strengthen your wands. [potion of mutation]
  7390 | D:9      | Gained mutation: Your magical capacity is low. (-10% MP)
                  | [potion of mutation]
  7390 | D:9      | Gained mutation: Your flesh is very heat resistant. (rF++)
                  | [potion of mutation]
  7542 | D:9      | Reached XP level 11. HP: 67/67 MP: 9/9
  7609 | D:9      | Reached **** piety under Trog
  8014 | D:9      | Reached skill level 6 in Shields
  8042 | D:9      | Noticed a manticore
  8053 | D:9      | Killed a manticore
  8080 | D:9      | Reached skill level 7 in Shields
  8083 | D:9      | Identified the +5 pair of gloves "Wyoss" {Str+3}
  8430 | D:9      | Noticed Josephine
  8442 | D:9      | Killed Josephine
  8559 | D:10     | Entered Level 10 of the Dungeon
  8576 | D:10     | Identified the +0 leather armour "Asyk" {rCorr Slay+5}
  8623 | D:10     | Reached skill level 8 in Shields
  8628 | D:10     | Reached skill level 10 in Axes
  9010 | D:10     | Found Quycydass's Armour Emporium.
  9058 | D:10     | Reached XP level 12. HP: 74/74 MP: 10/10
  9328 | D:11     | Found a staircase to the Lair.
  9432 | D:11     | Reached skill level 9 in Shields
  9617 | D:11     | Noticed a two-headed ogre
  9617 | D:11     | Noticed a two-headed ogre
  9638 | D:11     | Killed a two-headed ogre
  9659 | D:11     | Killed a two-headed ogre
  9951 | Lair:1   | Entered Level 1 of the Lair of Beasts
 10253 | Lair:1   | Reached skill level 10 in Shields
 10992 | Lair:1   | Noticed a boulder beetle
 11019 | Lair:1   | Reached XP level 13. HP: 80/80 MP: 11/11
 11477 | Lair:1   | Reached skill level 11 in Shields
 11477 | Lair:1   | Identified the +5 ring mail "Eridog" {Int+3}
 11939 | Lair:2   | Reached skill level 10 in Dodging
 12058 | Lair:2   | Found a staircase to the Shoals.
 12085 | Lair:2   | Reached skill level 1 in Polearms
 12107 | Lair:2   | Found a dark tunnel.
 12126 | Volcano  | Entered a volcano
 12313 | Volcano  | Noticed a stone giant
 12328 | Volcano  | Killed a stone giant
 12338 | Volcano  | Identified the amulet of Sisa {Reflect +Inv Str+5 SH+5}
 12443 | Lair:2   | Found a hole to the Spider Nest.
 12987 | Lair:3   | Reached skill level 12 in Shields
 13615 | Lair:3   | Gained mutation: Your large and strong wings let you fly.
                  | [Gargoyle growth]
 13615 | Lair:3   | Reached XP level 14. HP: 85/87 MP: 12/12
 14191 | Lair:4   | Reached skill level 13 in Shields
 14427 | Lair:4   | Reached skill level 10 in Fighting
 15068 | Lair:5   | Entered Level 5 of the Lair of Beasts
 15312 | Lair:5   | Reached skill level 14 in Shields
 15622 | Lair:5   | Found a staircase to the Slime Pits.
 15637 | Lair:5   | Reached ***** piety under Trog
 15998 | Lair:5   | Reached skill level 15 in Shields
 16021 | Lair:5   | Reached XP level 15. HP: 76/93 MP: 13/13
 16296 | Lair:5   | Identified the +10 rapier "Ydacsipa" {venom, rC+}
 16767 | D:12     | Found a staircase to the Orcish Mines.
 16879 | D:12     | Noticed Jorgrun
 16895 | D:12     | Killed Jorgrun
 17365 | D:12     | Noticed Kirke
 17372 | D:12     | Identified the +10 broad axe of Valuable Assets {heavy,
                  | Dex+2} (Trog gifted it to you on level 12 of the Dungeon)
 17372 | D:12     | Received a gift from Trog
 17381 | D:12     | Killed Kirke
 17415 | D:12     | Found a runed translucent door.
 17415 | D:12     | Found a shimmering altar of Xom.
 17415 | D:12     | Noticed Hofaash's ghost (journeyman OpSu)
 17415 | D:12     | Found the +9 sword of Zonguldrok {reap}
 17498 | D:12     | Killed Hofaash's ghost
 17890 | D:13     | Reached skill level 16 in Shields
 18133 | D:13     | Found a gate to the Vaults.
 18281 | D:13     | Found Iiuc's Incredible Inventory.
 18895 | D:14     | Noticed Louise
 18906 | D:14     | Killed Louise
 19472 | D:14     | Noticed Rupert
 19491 | D:14     | Killed Rupert
 19492 | D:14     | Reached skill level 5 in Long Blades
 19800 | D:15     | Entered Level 15 of the Dungeon
 19820 | D:15     | Found a runed translucent gate.
 19820 | D:15     | Found a runed translucent gate.
 19820 | D:15     | Found a runed translucent gate.
 20051 | D:15     | Reached XP level 16. HP: 100/100 MP: 14/14
 20348 | D:15     | Found a staircase to the Depths.
 20479 | D:15     | Identified the +6 trident "Nabiarr" {flame, Will- rCorr
                  | Int+3 SInv}
 20641 | D:15     | Noticed Kehih's ghost (journeyman DrMo)
 20749 | D:15     | Reached skill level 17 in Shields
 20773 | D:15     | Killed Kehih's ghost
 21058 | Spider:1 | Entered Level 1 of the Spider Nest
 21058 | Spider:1 | You are sucked into a shaft and drop 1 floor!
 21224 | Spider:1 | Gained mutation: You do not regenerate when monsters are
                  | visible. [mutagenic glow]
 22511 | Spider:1 | Reached skill level 18 in Shields
 22658 | Spider:1 | Lost mutation: Your magical capacity is low. (-10% MP)
                  | [potion of mutation]
 22658 | Spider:1 | Lost mutation: You do not regenerate when monsters are
                  | visible. [potion of mutation]
 22658 | Spider:1 | Gained mutation: You are partially covered in iridescent
                  | scales. (AC +2) [potion of mutation]
 22658 | Spider:1 | Gained mutation: Your muscles are strong. (Str +4, Int/Dex
                  | -1) [potion of mutation]
 23067 | Spider:1 | HP: 5/150 [wolf spider (9)]
 23067 | Spider:1 | Slain by an ice dragon

Illustrated notes

Levels and vault maps discovered:
D:1:      dpeg_arrival_stonehenge_8_columns, layout_basic, serial_shops,
          nicolae_shop_mannequins, nicolae_ecumenical_snake_handling,
          minmay_tetromino_t4
D:2:      layout_basic, minmay_statues_item
D:3:      minmay_razor_zed, layout_rooms, kennysheep_slug_shrine
D:4:      layout_basic, lemuel_doored_altar,
          mainiacjoe_overflow_six_doors_small, ebering_ghost_sewer_d,
          kennysheep_windowed_goal
D:5:      layout_loops_ring, nemelex_xobeh_ov_fountains_minmay, zin_scriptorium,
          minitemple, minmay_misc_feat_enclosed
D:6:      layout_loops_ring, tgw_fedhas, xom_confusion_cloud, serial_shops,
          kennysheep_mini, gammafunk_ghost_gnarly_gnolls
D:7:      layout_basic, temple_statues, kennysheep_generic_room_10
D:8:      layout_rooms, grunt_dithmenos_shadows, serial_curves, eino_curves_01,
          eino_curves_04
D:9:      hangedman_screamer, layout_layer_cave, minivault_27
D:10:     layout_cave_pools, serial_shops, nicolae_shop_behind_doors,
          minivault_4
D:11:     layout_roguey [special_room_orc], due_lair_maze_entry_diamond
D:12:     layout_rooms, hiddenorc1_lemuel, ebering_ghost_xom, uniq_kirke,
          uniq_jorgrun
D:13:     layout_stronghold, david_vaults_1, serial_column_ruins,
          column_ruins_corridor_dead_end, column_ruins_open_tiny,
          column_ruins_columns_T, column_ruins_columns_straight,
          column_ruins_grid_1, hangedman_decor_riveting, nicolae_alphabet_shops
D:14:     layout_irregular_city, uniq_rupert, uniq_louise
D:15:     hangedman_depths_entry_try_elsewhere_first, layout_loops_cross,
          serial_park_gazebo [serial_park_minivault_5x5_2], gammafunk_ghost_icy
Lair:1:   minmay_lair_oklob_chamber, layout_small_grid,
          cheibrodos_lair_lostbears
Lair:2:   layout_regular_city, elwin_shoals_entry_rocks, spider_nest_entry_webs,
          enter_volcano_3, lemuel_fruit_tree
Lair:3:   layout_cave_pods, kennysheep_basilisk_garden, grunt_megastairs_5
Lair:4:   layout_regular_city, grunt_megastairs_4
Lair:5:   minmay_lair_end_frog_pond, layout_gridlike, slime_entry_1,
          lemuel_fruit_fields
Spider:1: layout_spider_delve
Spider:2: layout_spider_delve, guppyfry_spider_mini_1

Skill      XL: |  1  2  3  4  5  6  7  8  9 10 11 12 13 14 15 16 |
---------------+-------------------------------------------------+-----
Axes           | 3 4 5 6 7 9 10 11 12 13 | 13.7
Dodging        | 2 3 4 5 7 8 9 10 11 12 | 12.3
Fighting       | 4 5 6 7 8 9 10 11 | 11.5
Long Blades    | 2 3 5 6 |  6.5
Armour         | 3 5 6 7 |  7.6
Shields        | 1 5 8 10 12 15 16 18 | 18.1
Polearms       | 1 |  1.4
Short Blades   | |  0.1
Throwing       | |  0.6
Stealth        | |  0.7

Action                     |  1- 3 |  4- 6 |  7- 9 | 10-12 | 13-15 | 16-18 || total
---------------------------+-------+-------+-------+-------+-------+-------++-------
  Melee: Hand axe          |    96 |    50 |   212 |   647 |   887 |   133 ||  2025
         Dagger            |     5 |       |       |       |       |       ||     5
         Long sword        |       |    42 |       |       |       |       ||    42
         Peck              |       |       |       |    42 |       |       ||    42
         Trident           |       |       |       |       |    13 |       ||    13
         Broad axe         |       |       |       |       |    47 |     9 ||    56
         Double sword      |       |       |       |       |   143 |   242 ||   385
  Throw: Dart              |       |       |       |     2 |     9 |     5 ||    16
 Invoke: Berserk           |     2 |     3 |     6 |    14 |    20 |     5 ||    50
         Trog's Hand       |       |     3 |     6 |     6 |    15 |     8 ||    38
         Brothers in Arms  |       |       |       |     3 |     5 |     2 ||    10
  Evoke: Wand              |       |       |       |       |       |     2 ||     2
    Use: Scroll            |     7 |     3 |     3 |    10 |     9 |     2 ||    34
         Potion            |       |       |     5 |     3 |     3 |    16 ||    27
   Stab: Sleeping          |     3 |     1 |     4 |     2 |     1 |       ||    11
         Confused          |       |       |     1 |       |       |       ||     1
         Distracted        |       |       |       |     1 |     3 |       ||     4
 Armour: Animal skin       |    62 |    27 |       |       |       |       ||    89
         Scale mail        |       |    52 |    65 |       |       |       ||   117
         Steam dragon scal |       |       |    24 |   196 |     9 |       ||   229
         Ring mail         |       |       |       |       |   364 |   345 ||   709
         Skin              |       |       |       |       |       |     2 ||     2
  Dodge: Dodged            |    98 |    96 |   148 |   400 |   541 |   593 ||  1876
  Block: Kite shield       |       |       |    15 |   458 |  1146 |   880 ||  2499
         Reflection        |       |       |       |       |    20 |       ||    20

Table legend: (Time is in decaauts)
 A = Elapsed time spent in this place.
 B = Non-inter-level travel time spent in this place.
 C = Inter-level travel time spent in this place.
 D = Time resting spent in this place.
 E = Time spent auto-exploring this place.
 F = Levels seen in this place.
 G = Mean time per level.
                   A        B        C        D        E       F      G
               +--------+--------+--------+--------+--------+-----+--------+
         Total |  23261 |  22251 |   1010 |   1421 |  15166 |  23 | 1011.3 |
       Dungeon |  14605 |  13923 |    682 |    357 |  10169 |  15 |  973.7 |
          Lair |   6391 |   6081 |    310 |    328 |   4124 |   5 | 1278.2 |
   Spider Nest |   2014 |   1996 |     18 |    735 |    718 |   2 | 1007.0 |
       Volcano |    249 |    249 |      0 |      0 |    154 |   1 |  249.0 |
               +--------+--------+--------+--------+--------+-----+--------+

Top non-repeatable levels by time:
Spider:1: 1968 daAuts
  Lair:1: 1829 daAuts
     D:9: 1594 daAuts
     D:6: 1364 daAuts
  Lair:5: 1302 daAuts
    D:15: 1175 daAuts
    D:13: 1130 daAuts
    D:14: 1125 daAuts
  Lair:3: 1094 daAuts
  Lair:4: 1083 daAuts
  Lair:2: 1081 daAuts
     D:8: 1003 daAuts
    D:12: 932 daAuts
     D:2: 878 daAuts
     D:1: 856 daAuts
